SL
FT. WORTH CATTLEMEN @ ATHLETIC CLUB KC
08/23/2021
 
TOP OF THE 1ST
Ft. Worth Cattlemen batting - Pitching for Athletic Club KC : RHP Billy Crawford
Pitching: RHP Billy Crawford
Batting: SHB Robby Day 0-0: Called Strike
0-1: Called Strike
0-2: Strikes out swinging
Batting: RHB Alan Elder 0-0: Ball
1-0: Called Strike
1-1: Called Strike
1-2: Foul Ball, location: 2F
1-2: SINGLE (Groundball, 56) (infield hit)
Batting: RHB Bart Lewis 0-0: Ball
1-0: Called Strike
1-1: Grounds into double play, 5-4-3 (Groundball, 56)
Top of the 1st over - 0 run(s), 1 hit(s), 0 error(s), 0 left on base; Ft. Worth 0 - Athletic Club KC 0
BOTTOM OF THE 1ST
Athletic Club KC batting - Pitching for Ft. Worth Cattlemen : RHP Francisco López
Pitching: RHP Francisco López
Batting: RHB Jorge Trevino 0-0: Called Strike
0-1: Ball
1-1: Swinging Strike
1-2: Strikes out swinging
Batting: SHB David Henderson 0-0: Called Strike
0-1: Ball
1-1: Ground out 1-3 (Groundball, 13)
Batting: LHB Emílio Sáenz 0-0: Ball
1-0: Ball
2-0: SINGLE (Line Drive, 4MD)
Batting: RHB José Rodríguez 0-0: Ball
1-0: Ball
2-0: Foul Ball, location: 2F
2-1: Called Strike
2-2: Ball
3-2: Foul Ball, location: 2F
3-2: Foul Ball, location: 2F
3-2: Foul Ball, location: 2F
3-2: Fly out, F8 (Flyball, 8RD)
Bottom of the 1st over - 0 run(s), 1 hit(s), 0 error(s), 1 left on base; Ft. Worth 0 - Athletic Club KC 0
TOP OF THE 2ND
Ft. Worth Cattlemen batting - Pitching for Athletic Club KC : RHP Billy Crawford
Batting: LHB Ryan Westlake 0-0: Ball
1-0: Ball
2-0: Ball
3-0: Called Strike
3-1: Base on Balls
Batting: RHB Joey Morgan 0-0: Ball
1-0: Ball
2-0: Ball
3-0: Called Strike
3-1: Base on Balls
Ryan Westlake to second
Batting: LHB Orlando Trevino 0-0: Ball
1-0: Swinging Strike
1-1: Called Strike
1-2: Ball
2-2: Ball
3-2: Foul Ball, location: 2F
3-2: Base on Balls
Ryan Westlake to third
Joey Morgan to second
Batting: LHB Toyokazu Asano 0-0: Ball
1-0: Called Strike
1-1: DOUBLE (Groundball, 5L)
Ryan Westlake scores
Joey Morgan scores
Orlando Trevino to third
Batting: RHB Jack Weber 0-0: Fly out, F9 (Popup, 9S)
Batting: RHB Kevin Howard 0-0: Foul Ball, location: 2F
0-1: Called Strike
0-2: Strikes out swinging
Batting: SHB Robby Day 0-0: Ball
1-0: Called Strike
1-1: Ball
2-1: Ball
3-1: Swinging Strike
3-2: Fly out, F6 (Popup, 7LSF)
Top of the 2nd over - 2 run(s), 1 hit(s), 0 error(s), 2 left on base; Ft. Worth 2 - Athletic Club KC 0
BOTTOM OF THE 2ND
Athletic Club KC batting - Pitching for Ft. Worth Cattlemen : RHP Francisco López
Batting: LHB Bob Davis 0-0: Called Strike
0-1: Ball
1-1: Fly out, F8 (Flyball, 8RD)
Batting: RHB Ramón Souza 0-0: Called Strike
0-1: Ball
1-1: Ball
2-1: Fly out, F8 (Flyball, 8LXD)
Batting: RHB Rick Atkinson 0-0: Ball
1-0: Called Strike
1-1: Foul Ball, location: 2F
1-2: Foul Ball, location: 2F
1-2: Ground out 2-3 (Groundball, 2R)
Bottom of the 2nd over - 0 run(s), 0 hit(s), 0 error(s), 0 left on base; Ft. Worth 2 - Athletic Club KC 0
TOP OF THE 3RD
Ft. Worth Cattlemen batting - Pitching for Athletic Club KC : RHP Billy Crawford
Batting: RHB Alan Elder 0-0: Ball
1-0: Foul Ball, location: 2F
1-1: Foul Ball, location: 2F
1-2: Ball
2-2: Ground out 6-3 (Groundball, 56)
Batting: RHB Bart Lewis 0-0: Swinging Strike
0-1: Ball
1-1: Ball
2-1: Foul Ball, location: 2F
2-2: Foul Ball, location: 2F
2-2: Foul Ball, location: 2F
2-2: Ground out U3 (Groundball, 3L)
Batting: LHB Ryan Westlake 0-0: Ball
1-0: Fly out, F6 (Popup, 6D)
Top of the 3rd over - 0 run(s), 0 hit(s), 0 error(s), 0 left on base; Ft. Worth 2 - Athletic Club KC 0
BOTTOM OF THE 3RD
Athletic Club KC batting - Pitching for Ft. Worth Cattlemen : RHP Francisco López
Batting: LHB Lawrence Washington 0-0: Ball
1-0: Ball
2-0: Called Strike
2-1: Foul Ball, location: 2F
2-2: Foul Ball, location: 2F
2-2: Ball
3-2: Fly out, F8 (Flyball, 8LD)
Batting: RHB Bill Dennis 0-0: Called Strike
0-1: Ball
1-1: Ball
2-1: Fly out, F8 (Flyball, 8LXD)
Batting: RHB Jorge Trevino 0-0: Called Strike
0-1: Ball
1-1: DOUBLE (Flyball, 89D)
Batting: SHB David Henderson 0-0: Called Strike
0-1: Called Strike
0-2: Fly out, F8 (Flyball, 8LM)
Bottom of the 3rd over - 0 run(s), 1 hit(s), 0 error(s), 1 left on base; Ft. Worth 2 - Athletic Club KC 0
TOP OF THE 4TH
Ft. Worth Cattlemen batting - Pitching for Athletic Club KC : RHP Billy Crawford
Batting: RHB Joey Morgan 0-0: Fly out, F9 (Flyball, 9S)
Batting: LHB Orlando Trevino 0-0: Called Strike
0-1: DOUBLE (Line Drive, 8RS)
Batting: LHB Toyokazu Asano 0-0: Ball
Throwing error on steal attempt, E2
Orlando Trevino scores
1-0: Ground out 1-3 (Groundball, 23)
Batting: RHB Jack Weber 0-0: Swinging Strike
0-1: Swinging Strike
0-2: Ball
1-2: Ball
2-2: Foul Ball, location: 2F
2-2: SINGLE (Flyball, 8LS)
Batting: RHB Kevin Howard 0-0: Ball
1-0: Foul Ball, location: 2F
1-1: Called Strike
1-2: Ball
2-2: Ball
3-2: Fly out, F6 (Popup, 6MS)
Top of the 4th over - 1 run(s), 2 hit(s), 1 error(s), 1 left on base; Ft. Worth 3 - Athletic Club KC 0
BOTTOM OF THE 4TH
Athletic Club KC batting - Pitching for Ft. Worth Cattlemen : RHP Francisco López
Batting: LHB Emílio Sáenz 0-0: Ball
1-0: Called Strike
1-1: Ball
2-1: Foul Ball, location: 2F
2-2: Foul Ball, location: 2F
2-2: Foul Ball, location: 2F
2-2: Ball
3-2: SINGLE (Line Drive, 4M)
Batting: RHB José Rodríguez 0-0: Called Strike
0-1: Swinging Strike
0-2: Ball
1-2: Grounds into double play, 6-4-3 (Groundball, 6)
Batting: LHB Bob Davis 0-0: Ball
1-0: Foul Ball, location: 2F
1-1: Ball
2-1: Foul Ball, location: 2F
2-2: Fly out, F6 (Line Drive, 6M)
Bottom of the 4th over - 0 run(s), 1 hit(s), 0 error(s), 0 left on base; Ft. Worth 3 - Athletic Club KC 0
TOP OF THE 5TH
Ft. Worth Cattlemen batting - Pitching for Athletic Club KC : RHP Billy Crawford
Batting: SHB Robby Day 0-0: Called Strike
0-1: Foul Ball, location: 2F
0-2: Foul Ball, location: 2F
0-2: Ball
1-2: Ball
2-2: Strikes out looking
Batting: RHB Alan Elder 0-0: Ball
1-0: Swinging Strike
1-1: Ball
2-1: Fly out, F4 (Popup, 4D)
Batting: RHB Bart Lewis 0-0: Ball
1-0: Fly out, F9 (Flyball, 89M)
Top of the 5th over - 0 run(s), 0 hit(s), 0 error(s), 0 left on base; Ft. Worth 3 - Athletic Club KC 0
BOTTOM OF THE 5TH
Athletic Club KC batting - Pitching for Ft. Worth Cattlemen : RHP Francisco López
Batting: RHB Ramón Souza 0-0: Ball
1-0: Foul Ball, location: 2F
1-1: Ball
2-1: Ball
3-1: Foul Ball, location: 2F
3-2: Ground out 5-3 (Groundball, 5S)
Batting: RHB Rick Atkinson 0-0: Called Strike
0-1: Ball
1-1: Foul Ball, location: 2F
1-2: Ball
2-2: Ball
3-2: Fly out, F6 (Popup, 6)
Batting: LHB Lawrence Washington 0-0: DOUBLE (Line Drive, 9LM)
Batting: RHB Bill Dennis 0-0: SINGLE (Line Drive, 78M)
Lawrence Washington to third
Runner from 3rd tries for Home, SAFE, no throw or cutoff
Batting: RHB Jorge Trevino 0-0: Ball
Bill Dennis steals 2nd base
1-0: Ball
2-0: Ground out 5-3 (Groundball, 56)
Bottom of the 5th over - 1 run(s), 2 hit(s), 0 error(s), 1 left on base; Ft. Worth 3 - Athletic Club KC 1
TOP OF THE 6TH
Ft. Worth Cattlemen batting - Pitching for Athletic Club KC : RHP Billy Crawford
Batting: LHB Ryan Westlake 0-0: Ball
1-0: Ball
2-0: Fly out, F7 (Flyball, 7M)
Batting: RHB Joey Morgan 0-0: Ground out 6-3 (Groundball, 6)
Batting: LHB Orlando Trevino 0-0: Ball
1-0: Called Strike
1-1: Ball
2-1: Foul Ball, location: 2F
2-2: Foul Ball, location: 2F
2-2: SINGLE (Line Drive, 6MD)
Pitching: RHP Jeff Krause
Batting: LHB Toyokazu Asano 0-0: Ball
1-0: Called Strike
Orlando Trevino steals 2nd base
1-1: Swinging Strike
1-2: Ball
2-2: Ball
3-2: Base on Balls
Batting: RHB Jack Weber 0-0: Ball
1-0: Called Strike
1-1: Swinging Strike
1-2: DOUBLE (Line Drive, 7LD)
Orlando Trevino scores
Toyokazu Asano to third
Batting: RHB Kevin Howard 0-0: Ball
1-0: Called Strike
1-1: Fly out, F4 (Popup, 4MD)
Top of the 6th over - 1 run(s), 2 hit(s), 0 error(s), 2 left on base; Ft. Worth 4 - Athletic Club KC 1
BOTTOM OF THE 6TH
Athletic Club KC batting - Pitching for Ft. Worth Cattlemen : RHP Francisco López
Batting: SHB David Henderson 0-0: Called Strike
0-1: Ball
1-1: Ball
2-1: Foul Ball, location: 2F
2-2: Ground out 3-1 (Groundball, 34)
Batting: LHB Emílio Sáenz 0-0: Called Strike
0-1: Fly out, F7 (Flyball, 78M)
Batting: RHB José Rodríguez 0-0: Ball
1-0: Foul Ball, location: 2F
1-1: Foul Ball, location: 2F
1-2: Ball
2-2: Foul Ball, location: 2F
2-2: Foul Ball, location: 2F
2-2: Ball
3-2: Foul Ball, location: 2F
3-2: Ground out 4-3 (Groundball, 4)
Bottom of the 6th over - 0 run(s), 0 hit(s), 0 error(s), 0 left on base; Ft. Worth 4 - Athletic Club KC 1
TOP OF THE 7TH
Ft. Worth Cattlemen batting - Pitching for Athletic Club KC : RHP Jeff Krause
Batting: SHB Robby Day 0-0: Ball
1-0: Ball
2-0: Foul Ball, location: 2F
2-1: Swinging Strike
2-2: Ball
3-2: Strikes out looking
Batting: RHB Alan Elder 0-0: Called Strike
0-1: Fly out, F7 (Flyball, 7LS)
Batting: RHB Bart Lewis 0-0: Called Strike
0-1: Called Strike
0-2: Ball
1-2: Ball
2-2: Ground out 5-3 (Groundball, 5)
Top of the 7th over - 0 run(s), 0 hit(s), 0 error(s), 0 left on base; Ft. Worth 4 - Athletic Club KC 1
BOTTOM OF THE 7TH
Athletic Club KC batting - Pitching for Ft. Worth Cattlemen : RHP Francisco López
Pitching: RHP Don Miller
Batting: LHB Bob Davis 0-0: Called Strike
0-1: Swinging Strike
0-2: Strikes out swinging
Batting: RHB Ramón Souza 0-0: Called Strike
0-1: Foul Ball, location: 2F
0-2: Ball
1-2: Ball
2-2: Ball
3-2: Base on Balls
Batting: RHB Rick Atkinson 0-0: Foul Ball, location: 2F
0-1: Foul Ball, location: 2F
0-2: Fly out, F6 (Popup, 6S)
Batting: LHB Lawrence Washington 0-0: Ball
Ramón Souza steals 2nd base
1-0: DOUBLE (Line Drive, 56D)
Ramón Souza scores
Batting: RHB Bill Dennis 0-0: Called Strike
0-1: Called Strike
0-2: Ball
1-2: Ball
2-2: Ground out 6-3 (Groundball, 6)
Bottom of the 7th over - 1 run(s), 1 hit(s), 0 error(s), 1 left on base; Ft. Worth 4 - Athletic Club KC 2
TOP OF THE 8TH
Ft. Worth Cattlemen batting - Pitching for Athletic Club KC : RHP Jeff Krause
Batting: LHB Ryan Westlake 0-0: Fly out, F9 (Flyball, 9LM)
Batting: RHB Joey Morgan 0-0: Ball
1-0: Swinging Strike
1-1: Swinging Strike
1-2: Strikes out looking
Batting: LHB Orlando Trevino 0-0: Foul Ball, location: 2F
0-1: Foul Ball, location: 2F
0-2: Ball
1-2: Foul Ball, location: 2F
1-2: Ball
2-2: Foul Ball, location: 2F
2-2: Ball
3-2: SINGLE (Groundball, 56S) (infield hit)
Batting: LHB Toyokazu Asano 0-0: Called Strike
0-1: Ball
1-1: Foul Ball, location: 2F
1-2: Fielders Choice at 2nd, 5-4 (Groundball, 5D)
Top of the 8th over - 0 run(s), 1 hit(s), 0 error(s), 0 left on base; Ft. Worth 4 - Athletic Club KC 2
BOTTOM OF THE 8TH
Athletic Club KC batting - Pitching for Ft. Worth Cattlemen : RHP Don Miller
Batting: RHB Jorge Trevino 0-0: Called Strike
0-1: Ball
1-1: Ground out 2-3 (Groundball, 25)
Batting: SHB David Henderson 0-0: Ground out 1-3 (Groundball, 25)
Batting: LHB Emílio Sáenz 0-0: Called Strike
0-1: Foul Ball, location: 2F
0-2: Ball
1-2: Ball
2-2: Strikes out looking
Bottom of the 8th over - 0 run(s), 0 hit(s), 0 error(s), 0 left on base; Ft. Worth 4 - Athletic Club KC 2
TOP OF THE 9TH
Ft. Worth Cattlemen batting - Pitching for Athletic Club KC : RHP Jeff Krause
Batting: RHB Jack Weber 0-0: Ball
1-0: SINGLE (Groundball, 6M)
Batting: RHB Kevin Howard 0-0: Bunted foul
0-1: Bunted foul
0-2: Ball
1-2: Ball
Jack Weber steals 2nd base
2-2: Foul Ball, location: 2F
2-2: Fly out, F4 (Popup, 4D)
Batting: SHB Robby Day 0-0: Ball
1-0: Swinging Strike
1-1: Foul Ball, location: 2F
1-2: Ball
2-2: Ball
3-2: Strikes out looking
Batting: RHB Alan Elder 0-0: Ball
1-0: Called Strike
1-1: Foul Ball, location: 2F
1-2: Foul Ball, location: 2F
1-2: Ball
2-2: Strikes out swinging
Top of the 9th over - 0 run(s), 1 hit(s), 0 error(s), 1 left on base; Ft. Worth 4 - Athletic Club KC 2
BOTTOM OF THE 9TH
Athletic Club KC batting - Pitching for Ft. Worth Cattlemen : RHP Don Miller
Pitching: RHP Pete Wood
Batting: RHB José Rodríguez 0-0: Foul Ball, location: 2F
0-1: Foul Ball, location: 2F
0-2: Ball
1-2: Strikes out swinging
Batting: LHB Bob Davis 0-0: DOUBLE (Flyball, 89D)
Batting: RHB Ramón Souza 0-0: Ball
1-0: Foul Ball, location: 2F
1-1: Fly out, F7 (Flyball, 7D)
Batting: RHB Rick Atkinson 0-0: Foul Ball, location: 2F
0-1: Foul Ball, location: 2F
0-2: Ball
1-2: Ball
2-2: SINGLE (Groundball, 56)
Bob Davis to third
Runner from 3rd tries for Home, SAFE, no throw or cutoff
Batting: LHB Lawrence Washington 0-0: Fly out, F9 (Flyball, 9LM)
Bottom of the 9th over - 1 run(s), 2 hit(s), 0 error(s), 1 left on base; Ft. Worth 4 - Athletic Club KC 3
This league is powered by Out of the Park Baseball, the baseball management simulation game for PC, Mac and Linux
Friday, January 22nd, 2016 - OOTP Baseball 16.9 Build 39